 Dungeon Crawl Stone Soup version 0.31-a0-187-gba352fbbf7 (webtiles) character file.

Game seed: 8936024552499361077

660 ragingrage the Cleaver (level 7, -2/62 HPs)
             Began as a Naga Monk on June 22, 2023.
             Slain by a gnoll sergeant
             ... wielding a +4 trident of freezing
              (3 damage)
             ... on level 5 of the Dungeon.
             The game lasted 00:04:04 (3008 turns).

ragingrage the Cleaver (Naga Monk)                  Turns: 3008, Time: 00:04:04

Health: -2/62      AC:  3    Str: 22    XL:     7   Next: 56%
Magic:  7/7        EV: 10    Int: 10    God:
Gold:   190        SH:  0    Dex: 13    Spells: 6/6 levels left

rFire   . . .        j - +12 broad axe "Toviyplo" {heavy, Str+2}
rCold   . . .        d - orb {light}
rNeg    . . .        q - +0 leather armour of Ychasyong {Str+4}
rPois   +            (no helmet)
rElec   .            (no cloak)
rCorr   .            (no gloves)
SInv    +            (no barding)
Will    .....        (no amulet)
Stlth   +            (no ring)
HPRegen 0.30/turn    (no ring)
MPRegen 0.10/turn

%: no passive effects
@: glowing, very slow
A: AC +2, large, see invisible, deformed body, poison resistance, slowness 2,
spit poison 1, naga tail 1
a: Spit Poison


You were on level 5 of the Dungeon.
You visited 1 branch of the dungeon, and saw 5 of its levels.

You collected 190 gold pieces.

Inventory:

Hand Weapons
 j - the +12 broad axe "Toviyplo" (weapon) {heavy, Str+2}
   (You found it on level 5 of the Dungeon)

   Str:       It affects your strength (+2).
Armour
 d - an orb of light (worn)
 q - the +0 leather armour of Ychasyong (worn) {Str+4}
   (You found it on level 2 of the Dungeon)

   Str:       It affects your strength (+4).
 s - an orb of guile
Jewellery
 g - a ring of protection from fire
Wands
 a - a wand of charming (6)
Scrolls
 b - a scroll of enchant weapon {unknown}
 e - a scroll of summoning {unknown}
 f - 4 scrolls of amnesia
 h - a scroll of vulnerability {unknown}
 k - a scroll of teleportation
 l - 2 scrolls of noise {unknown}
 m - a scroll of torment {unknown}
 r - a scroll of poison {unknown}
 t - a scroll of revelation {unknown}
Potions
 c - a potion of ambrosia
 i - 2 potions of attraction
 n - a potion of cancellation
 o - a potion of enlightenment {unknown}
 p - a potion of invisibility
 u - a potion of degeneration {unknown}


   Skills:
 - Level 3.0 Fighting
 + Level 8.6 Axes
 - Level 2.4 Dodging


You had 6 spell levels left.
You didn't know any spells.
Your spell library contained the following spells:

 Spells                   Type           Power      Damage    Failure   Level
 Apportation              Tloc           0%         N/A       41%         1
 Necrotise                Necr           0%         1d4       41%         1
 Summon Small Mammal      Summ           0%         N/A       41%         1
 Static Discharge         Conj/Air       0%         2-2/arc   54%         2
 Sublimation of Blood     Necr           0%         N/A       54%         2
 Summon Guardian Golem    Hex/Summ       0%         N/A       78%         3
 Airstrike                Air            0%         2d(0-16)  99%         4
 Petrify                  Tmut/Erth      0%         N/A       99%         4
 Summon Lightning Spire   Summ/Air       0%         N/A       99%         4
 Irradiate                Conj/Tmut      0%         3d11      100%        5
 Orb of Destruction       Conj           0%         9d5       100%        7
 Spellforged Servitor     Conj/Summ      0%         N/A       100%        7


Dungeon Overview and Level Annotations

Branches:
Dungeon (5/15)
 Temple: D:4-7

Altars:
Ashenzari
Cheibriados

Shops:
D:1 (


Innate Abilities, Weirdness & Mutations

Your serpentine skin is tough. (AC +2)
You have supernaturally acute eyesight. (SInv)
Armour fits poorly on your strangely shaped body.
Your system is resistant to poisons. (rPois)
You cover ground very slowly.
You can spit poison.
You have a snake-like lower body.


Message History

You closely miss the hound. The hound bites you. x2
You barely miss the hound. The hound bites you. The hound misses you.
The hound barely misses you.
You cut the hound into ribbons!!!
You kill the hound!
No target in view!
No target in view!
You now have 186 gold pieces (gained 6).
f - 4 scrolls of amnesia (gained 1)
a - a wand of charming (6)
u - a fuming coppery potion You now have 190 gold pieces (gained 4).
There is an open door here.
You open the door.
A gnoll sergeant comes into view.
It is wielding a +4 trident of freezing.
Aiming: Spit Poison (1% risk of failure)
Press: ? - help, Shift-Dir - straight line, f - gnoll sergeant
Aim: a gnoll sergeant, wielding a +4 trident of freezing and wearing a +0 scale mail (haloed, 82% to hit)
The splash of poison hits the gnoll sergeant.
The gnoll sergeant is poisoned.
The gnoll sergeant hits you from afar with a +4 trident of freezing!
The gnoll sergeant freezes you.
The gnoll sergeant hits you with a +4 trident of freezing!
The gnoll sergeant freezes you.
There is an open door, spattered with blood here.
You completely miss the gnoll sergeant.
The gnoll sergeant completely misses you.
The gnoll sergeant hits you with a +4 trident of freezing.
The gnoll sergeant freezes you.
You slash the gnoll sergeant!
You have got your breath back.
The gnoll sergeant looks more healthy.
The gnoll sergeant hits you with a +4 trident of freezing!
* * * LOW HITPOINT WARNING * * *
The gnoll sergeant freezes you.
* * * LOW HITPOINT WARNING * * *
The gnoll sergeant hits you with a +4 trident of freezing!
* * * LOW HITPOINT WARNING * * *
The gnoll sergeant freezes you.
You die...

#..###....####
#..#.........###
#...............
#...####'#######+###
#...# #[##..)##.#.##
##..# #..##'##..#..#
#..#. #....#....##†#
#..#..##.......##..#
#..#..g@.......'...#
#..#..##.......##..#
#..#.##....⌠....##.#
#..###...........###
#..'...............+
#..######.....######
#..#....'#...#'....#
#..##....##.##....##
#..##....##.##....#


You could see a gnoll sergeant.

Vanquished Creatures
  Sigmund (D:3)
  A black bear (D:5)
  A scorpion (D:5)
  2 hounds (D:5)
  2 orc priests
  2 iguanas
  2 orc wizards (D:5)
  5 adders
  A white imp (D:5)
  3 dart slugs
  8 orcs
  4 bats
  5 endoplasms
  6 giant cockroaches
  6 goblins
  5 hobgoblins
  2 quokkas
  8 ball pythons
  2 frilled lizards
  6 kobolds
  A rat (D:1)
73 creatures vanquished.

Vanquished Creatures (others)
  A butterfly (D:4)
1 creature vanquished.

Grand Total: 74 creatures vanquished

Notes
Turn   | Place    | Note
-------+----------+-------------------------------------------
     0 | D:1      | ragingrage the Naga Monk began the quest for the Orb.
     0 | D:1      | Reached XP level 1. HP: 21/21 MP: 1/1
   106 | D:1      | Reached XP level 2. HP: 21/28 MP: 2/2
   395 | D:1      | Found Xear's Weapon Boutique.
   504 | D:1      | Reached skill level 4 in Axes
   831 | D:2      | Reached XP level 3. HP: 34/34 MP: 3/3
  1143 | D:2      | Identified the +0 leather armour of Ychasyong {Str+4}
  1155 | D:2      | Reached XP level 4. HP: 33/42 MP: 4/4
  1259 | D:2      | Reached skill level 5 in Axes
  1455 | D:3      | Found a faded altar of an unknown god.
  1632 | D:3      | Reached XP level 5. HP: 43/49 MP: 5/5
  1670 | D:3      | Noticed Sigmund
  1683 | D:3      | Killed Sigmund
  1684 | D:3      | Reached skill level 6 in Axes
  1684 | D:3      | Reached XP level 6. HP: 56/56 MP: 6/6
  1927 | D:3      | Reached skill level 7 in Axes
  2335 | D:5      | Entered Level 5 of the Dungeon
  2570 | D:5      | Reached XP level 7. HP: 62/62 MP: 7/7
  2571 | D:5      | Found a broken altar of Ashenzari.
  2741 | D:5      | Found a snail-covered altar of Cheibriados.
  2804 | D:5      | Reached skill level 8 in Axes
  2890 | D:5      | Identified the +12 broad axe "Toviyplo" {heavy, Str+2}
  3008 | D:5      | HP: 1/62 [gnoll sergeant/+4 trident of freezing (8)]
  3008 | D:5      | Slain by a gnoll sergeant

Illustrated notes

Levels and vault maps discovered:
D:1:      amcnicky_arrival_single_pillar, layout_basic, serial_shops, shop,
          minivault_27
D:2:      layout_rooms, st_stairs_10
D:3:      layout_rooms, shapermc_ecumenical_altar_starsandcircs, uniq_sigmund
D:4:      layout_loops_corners, nicolae_elyvilon_peaceful_grove
D:5:      layout_cave_pods, lemuel_tele_altar, cheibrodos_ashenzari_chains,
          temple_statues, abandoned_shop, minmay_pentangle

Skill      XL: |  1  2  3  4  5  6  7 |
---------------+----------------------+-----
Axes           | 4 5 6 7 8 |  8.6
Fighting       | |  3.0
Dodging        | |  2.4

Action                     |  1- 3 |  4- 6 |  7- 9 || total
---------------------------+-------+-------+-------++-------
  Melee: Hand axe          |    61 |    77 |       ||   138
         Unarmed           |       |     4 |       ||     4
         War axe           |       |    19 |    13 ||    32
         Broad axe         |       |       |     8 ||     8
Ability: Spit Poison       |    17 |    16 |     3 ||    36
    Use: Potion            |       |     6 |       ||     6
         Scroll            |       |     3 |       ||     3
 Armour: Robe              |    12 |       |       ||    12
         Leather armour    |       |    17 |     3 ||    20
         Skin              |       |     3 |       ||     3
  Dodge: Dodged            |    43 |    50 |     8 ||   101

Table legend: (Time is in decaauts)
 A = Elapsed time spent in this place.
 B = Non-inter-level travel time spent in this place.
 C = Inter-level travel time spent in this place.
 D = Time resting spent in this place.
 E = Time spent auto-exploring this place.
 F = Levels seen in this place.
 G = Mean time per level.
                   A        B        C        D        E       F      G
               +--------+--------+--------+--------+--------+-----+--------+
         Total |   3725 |   3674 |     51 |    514 |   2495 |   5 |  745.0 |
       Dungeon |   3725 |   3674 |     51 |    514 |   2495 |   5 |  745.0 |
               +--------+--------+--------+--------+--------+-----+--------+

Top non-repeatable levels by time:
     D:1: 1054 daAuts
     D:3: 900 daAuts
     D:5: 810 daAuts
     D:2: 695 daAuts
     D:4: 265 daAuts
